 Dungeon Crawl Stone Soup version 0.22.1-6-g1668fe2c40 (webtiles) character file.

10899 Gargoyl the Cleaver (level 11, 0/95 HPs)
             Began as a Centaur Abyssal Knight on Jan 29, 2019.
             Was a High Priest of Lugonu.
             Killed from afar by a fire dragon (43 damage)
             ... with a blast of flame
             ... on level 11 of the Dungeon.
             The game lasted 00:18:17 (12076 turns).

Gargoyl the Cleaver (Centaur Abyssal Knight)       Turns: 12076, Time: 00:18:17

Health: 0/95       AC: 24    Str: 16    XL:     11   Next: 42%
Magic:  12/12      EV:  7    Int: 11    God:    Lugonu [*****.]
Gold:   483        SH:  4    Dex: 11    Spells: 10/10 levels left

rFire    . . .     SeeInvis .   z - +7 war axe
rCold    + . .     Gourm    .   (no shield)
rNeg     + . .     Faith    .   h - +0 scale mail {MR+}
rPois    +         Spirit   .   y - +0 helmet
rElec    .         Reflect  .   a - +0 cloak
rCorr    .         Harm     .   q - +0 pair of gloves
MR       ++...                  v - +3 centaur barding {rC+}
Stlth    ..........             C - amulet of magic regeneration
HPRegen  0.25/turn              p - ring of positive energy
MPRegen  0.38/turn              b - ring of poison resistance

@: very quick
A: large, hooves 3, iridescent scales 1, large bone plates 1, yellow scales 1,
deformed body, speed 2, magic resistance 1, tough skin 3
a: Depart the Abyss, Bend Space, Banish, Corrupt, Enter the Abyss, Renounce
Religion


You were on level 11 of the Dungeon.
You worshipped Lugonu.
Lugonu was extremely pleased with you.
You were hungry.

You visited 1 branch of the dungeon, and saw 11 of its levels.
You visited the Abyss 1 time.
You also visited: Bailey.

You collected 595 gold pieces.
You spent 112 gold pieces at shops.

Inventory:

Hand Weapons
 z - a +7 war axe (weapon)
Armour
 a - a +0 cloak (worn)
 h - a +0 scale mail of magic resistance (worn)
 q - a +0 pair of gloves (worn)
 v - a +3 centaur barding of cold resistance (worn)
 y - a +0 helmet (worn)
Jewellery
 b - a ring of poison resistance (right hand)
 p - a ring of positive energy (left hand)
 C - an amulet of magic regeneration (around neck)
Wands
 d - a wand of acid (3)
 f - a wand of clouds (6)
 s - a wand of iceblast (16)
 B - a wand of flame (48)
 F - a wand of digging (8)
Scrolls
 e - 2 scrolls of remove curse
 m - a scroll of identify
 n - a scroll of fear
 o - 4 scrolls of teleportation
 u - 2 scrolls of amnesia
 E - a scroll of fog
Potions
 g - a potion of ambrosia
 i - 3 potions of curing
 j - a potion of heal wounds
 k - 3 potions of haste
 l - 2 potions of lignification
 r - a potion of might
 t - a potion of resistance
 w - 2 potions of agility
 x - 2 potions of cancellation
 A - a potion of berserk rage
 D - a potion of brilliance {unknown}
 G - a potion of flight
Comestibles
 c - 25 rations


   Skills:
 + Level 8.6 Fighting
 + Level 11.4 Axes
 + Level 0.5 Throwing
 + Level 6.9 Armour
 + Level 4.1 Dodging
 + Level 1.0 Stealth
 + Level 2.4 Invocations
 + Level 0.8 Evocations


You had 10 spell levels left.
You didn't know any spells.
Your spell library contained the following spells:

 Spells                   Type           Power        Failure   Level  Hunger
 Flame Tongue             Conj/Fire      #....        73%         1    ##.....
 Throw Flame              Conj/Fire      #.....       86%         2    ###....
 Conjure Flame            Conj/Fire      #.......     97%         3    ####...
 Inner Flame              Hex/Fire       #.......     97%         3    ####...
 Sticky Flame             Conj/Fire      #.......     100%        4    #####..
 Fireball                 Conj/Fire      #.........   100%        5    ######.


Dungeon Overview and Level Annotations

Branches:
Dungeon (11/15)            Temple (0/1) D:6
   Lair: D:8-11         Orc: D:9-12

Altars:
Okawaru
Sif Muna

Shops:
D:5 *:%(%

Annotations:
Abyss:1 Maurice


Innate Abilities, Weirdness & Mutations

You have hooves in place of feet.
Armour fits poorly on your strangely shaped body.
You cover ground very quickly.
You have extremely tough skin. (AC +3)
You are partially covered in iridescent scales. (AC +2)
You are partially covered in large bone plates. (SH +4)
You are partially covered in yellow scales. (AC +2)
You are resistant to hostile enchantments. (MR+)


Message History

* * * LOW HITPOINT WARNING * * *
Unknown command.
You are feeling hungry.
You hit the fire dragon but do no damage.
Your kick misses the fire dragon.
The fire dragon is heavily wounded.
The fire dragon bites you but does no damage.
The fire dragon claws you.
* * * LOW HITPOINT WARNING * * *
The fire dragon tramples you but does no damage.
You feel much better.
The fire dragon bites you but does no damage.
The fire dragon closely misses you.
The fire dragon tramples you but does no damage.
You slash the fire dragon! Your kick misses the fire dragon.
The fire dragon is severely wounded.
A wraith comes into view.
The fire dragon breathes flames at you. The blast of flame hits you!
You die...

#'######## ..# .##
'######## ))......#
........#
........######## #
........).)....###.#####
........######..@D.....W
###'##### #####.##...
#.# # #.# #.# #.# #.#
#.)


You could see a fire dragon and a wraith.

Vanquished Creatures
  A two-headed ogre (D:9)
  3 ugly things
  Joseph (D:8)
  2 centaur zombies (D:10)
  A gargoyle (D:11)
  A kobold demonologist (D:11)
  A troll (D:10)
  3 hippogriffs
  Sigmund (D:4)
  A wraith (D:11)
  16 yaks
  An ice beast (D:9)
  2 orc warriors (Bailey)
  3 sky beasts
  2 black bears
  3 ogres
  4 phantoms
  A centaur (D:7)
  2 crocodiles
  3 bullfrogs
  A gnoll sergeant (D:11)
  A wyvern skeleton (D:6)
  3 scorpions
  A water moccasin skeleton (D:9)
  3 wights (D:6)
  4 howler monkeys
  5 crimson imps
  3 quasits
  3 hounds
  6 orc priests
  2 jellies
  A gnoll shaman (D:10)
  10 orc wizards
  6 iguanas
  11 worker ants
  Natasha (thrice) (D:4)
  A howler monkey skeleton (D:10)
  28 gnolls
  5 adders
  A shadow imp (D:10)
  3 oozes
  An adder skeleton (D:9)
  3 worms
  3 dart slugs
  3 leopard geckos
  36 orcs
  13 bats
  7 giant cockroaches
  18 goblins
  12 hobgoblins
  2 jackals (D:10)
  14 kobolds
  2 quokkas
  A ball python (D:2)
  9 frilled lizards
  A jackal skeleton (D:7)
  5 rats
283 creatures vanquished.

Notes
Turn   | Place    | Note
-------+----------+-------------------------------------------
     0 | Abyss:1  | Gargoyl the Centaur Abyssal Knight began the quest for the
                  | Orb.
     0 | Abyss:1  | Reached XP level 1. HP: 19/19 MP: 2/2
    81 | Abyss:2  | Noticed an orange demon
    81 | Abyss:2  | Noticed a sixfirhy
    81 | D:1      | Escaped the Abyss
    83 | D:1      | Identified a scroll of acquirement
   210 | D:1      | Reached skill level 2 in Axes
   210 | D:1      | Reached XP level 2. HP: 24/26 MP: 3/3
   236 | D:1      | Reached * piety under Lugonu
   804 | D:2      | Reached XP level 3. HP: 33/33 MP: 4/4
  1073 | D:2      | Reached ** piety under Lugonu
  1197 | D:2      | Reached skill level 1 in Dodging
  1197 | D:2      | Reached XP level 4. HP: 27/40 MP: 5/5
  1781 | D:3      | Reached skill level 3 in Axes
  1781 | D:3      | Reached XP level 5. HP: 28/46 MP: 6/6
  2417 | D:3      | Reached *** piety under Lugonu
  2912 | D:4      | Noticed an ogre
  2939 | D:4      | Killed an ogre
  2939 | D:4      | Reached XP level 6. HP: 52/53 MP: 7/7
  3008 | D:4      | Reached skill level 4 in Axes
  3009 | D:4      | Noticed Natasha
  3045 | D:4      | Killed Natasha
  3434 | D:4      | Reached XP level 7. HP: 17/60 MP: 8/8
  3684 | D:4      | Found an iron altar of Okawaru.
  3814 | D:4      | Noticed Sigmund
  3825 | D:4      | Killed Sigmund
  3825 | D:4      | Reached skill level 5 in Axes
  4268 | D:4      | Noticed Natasha
  4278 | D:4      | Killed Natasha
  4416 | D:4      | Noticed Natasha
  4429 | D:4      | Killed Natasha
  4570 | D:5      | Entered Level 5 of the Dungeon
  4589 | D:5      | Found Koll's Food Shoppe.
  4694 | D:5      | Found Ejaisu Wesi's Weapon Shop.
  4800 | D:5      | Found Humirr's Food Shoppe.
  4851 | D:5      | Found Romaip's Book Emporium.
  4889 | D:5      | Found a deep blue altar of Sif Muna.
  5341 | D:5      | Found Lunedikec's General Store.
  5348 | D:5      | Bought a scroll of enchant armour for 112 gold pieces
  5432 | D:6      | Reached XP level 8. HP: 56/67 MP: 9/9
  5437 | D:6      | Found a staircase to the Ecumenical Temple.
  5520 | D:6      | Reached **** piety under Lugonu
  5520 | D:6      | Reached skill level 5 in Fighting
  5527 | D:6      | Reached skill level 6 in Axes
  6416 | D:6      | Reached skill level 7 in Axes
  7120 | D:7      | Reached XP level 9. HP: 75/75 MP: 10/10
  7123 | D:7      | Reached skill level 5 in Armour
  7710 | D:8      | Reached skill level 8 in Axes
  7925 | D:8      | Noticed Joseph
  7941 | D:8      | Killed Joseph
  8157 | D:8      | Reached skill level 9 in Axes
  8721 | D:9      | Noticed a two-headed ogre
  8729 | D:9      | Killed a two-headed ogre
  8729 | D:9      | Reached XP level 10. HP: 50/84 MP: 11/11
  8953 | D:9      | HP: 3/86 [yak (10)]
  8960 | D:9      | HP: 3/86 [yak (8)]
  9318 | D:9      | Reached ***** piety under Lugonu
  9412 | D:9      | Noticed a purple ugly thing
  9424 | D:9      | Killed a purple ugly thing
  9424 | D:9      | Reached skill level 10 in Axes
  9600 | D:9      | Noticed Maurice
  9620 | D:9      | Banished Maurice
  9952 | D:10     | Entered Level 10 of the Dungeon
 10342 | D:10     | Found Zal Witt's Weapon Boutique.
 10417 | D:10     | Found a flagged portal.
 10427 | Bailey   | Entered a bailey
 10471 | Bailey   | Reached XP level 11. HP: 27/94 MP: 12/12
 11004 | D:10     | Gained mutation: Your body sometimes deteriorates upon
                  | taking damage. [potion of mutation]
 11004 | D:10     | Gained mutation: Your magical capacity is low. (-10% MP)
                  | [potion of mutation]
 11004 | D:10     | Gained mutation: You are partially covered in iridescent
                  | scales. (AC +2) [potion of mutation]
 11005 | D:10     | Lost mutation: Your magical capacity is low. (-10% MP)
                  | [potion of mutation]
 11005 | D:10     | Lost mutation: Your body sometimes deteriorates upon taking
                  | damage. [potion of mutation]
 11005 | D:10     | Gained mutation: You are partially covered in yellow
                  | scales. (AC +2) [potion of mutation]
 11005 | D:10     | Gained mutation: You are partially covered in large bone
                  | plates. (SH +4) [potion of mutation]
 11005 | D:10     | Gained mutation: You are resistant to hostile enchantments.
                  | (MR+) [potion of mutation]
 11153 | D:11     | Noticed a purple ugly thing
 11164 | D:11     | Killed a purple ugly thing
 11167 | D:11     | Reached skill level 11 in Axes
 11266 | D:11     | Noticed a purple ugly thing
 11275 | D:11     | Killed a purple ugly thing
 11275 | D:11     | Reached skill level 1 in Stealth
 12064 | D:11     | Noticed a fire dragon
 12076 | D:11     | Killed from afar by a fire dragon

Skill      XL: |  1  2  3  4  5  6  7  8  9 10 11 |
---------------+----------------------------------+-----
Axes           | 2 3 4 5 7 9 10 11 | 11.4
Dodging        | 1 2 3 4 |  4.1
Armour         | 2 3 4 5 6 |  6.9
Fighting       | 4 5 6 8 |  8.6
Stealth        | 1 |  1.0
Throwing       | |  0.5
Invocations    | |  2.4
Evocations     | |  0.8

Action                   |  1- 3 |  4- 6 |  7- 9 | 10-12 || total
-------------------------+-------+-------+-------+-------++-------
Melee: Hand axe          |   107 |   153 |   233 |       ||   493
       Kick              |    15 |    34 |    83 |    76 ||   208
       War axe           |       |       |   155 |   271 ||   426
Throw: Tomahawk          |       |       |     2 |       ||     2
Invok: Depart the Abyss  |     1 |       |       |       ||     1
       Banish            |       |       |       |     1 ||     1
Evoke: Wand              |       |     3 |     2 |       ||     5
  Use: Scroll            |     9 |     3 |     9 |     7 ||    28
       Potion            |       |     3 |     1 |     9 ||    13
  Eat: Chunk             |       |     6 |    14 |     4 ||    24
       Ration            |       |       |     1 |     1 ||     2
Armor: Scale mail        |    90 |    55 |   357 |   235 ||   737
Dodge: Dodged            |    67 |    45 |   153 |    96 ||   361
Block: Other             |       |       |       |    14 ||    14
